 Dungeon Crawl Stone Soup version 0.29.1-15-g9cfb28693d (webtiles) character file.

Game seed: 18119164063264363030

2068 Smoke131 the Fighter (level 9, -1/96 HPs)
             Began as an Ogre Gladiator on Feb 28, 2023.
             Was a Follower of Okawaru.
             Slain by a yak (4 damage)
             ... on level 6 of the Dungeon.
             The game lasted 00:12:24 (7864 turns).

Smoke131 the Fighter (Ogre Gladiator)               Turns: 7864, Time: 00:12:24

Health: -1/96      AC:  6    Str: 24    XL:     9   Next: 26%
Magic:  10/10      EV: 10    Int:  9    God:    Okawaru [*.....]
Gold:   225        SH:  5    Dex: 10    Spells: 8/8 levels left

rFire   . . .      SeeInvis .   a - +0 war axe
rCold   . . .      Faith    .   (no shield)
rNeg    . . .      Spirit   .   b - +0 robe
rPois   .          Reflect  +   c - +0 hat
rElec   .          Harm     .   s - +2 cloak
rCorr   .          Rampage  .   (gloves unavailable)
Will    .....                   (boots unavailable)
Stlth   +.........              u - amulet of reflection
HPRegen 0.26/turn               (no ring)
MPRegen 0.12/turn               (no ring)

@: no status effects
A: large, unfitting armour, tough skin 1
a: Renounce Religion, Heroism


You were on level 6 of the Dungeon.
You worshipped Okawaru.
Okawaru was aware of your devotion.
You visited 2 branches of the dungeon, and saw 7 of its levels.
You also visited: Sewer.

You collected 225 gold pieces.

Inventory:

Hand Weapons
 a - a +0 war axe (weapon)
Missiles
 d - 3 throwing nets (quivered)
 f - 79 stones
 z - 17 poisoned darts
Armour
 b - a +0 robe (worn)
 c - a +0 hat (worn)
 s - a +2 cloak (worn)
Jewellery
 u - an amulet of reflection (around neck)
Wands
 e - a wand of polymorph (4)
 q - a wand of flame (3)
 r - a wand of light (10)
Scrolls
 h - a scroll of immolation {unknown}
 i - a scroll of poison
 k - a scroll of vulnerability
 l - 2 scrolls of blinking {unknown}
 m - 2 scrolls of teleportation
 t - 3 scrolls of identify
 y - 3 scrolls of magic mapping
Potions
 g - a potion of lignification
 j - 2 potions of brilliance
 n - 2 potions of berserk rage
 o - a potion of attraction
 p - 3 potions of flight
 w - 2 potions of mutation
 x - 2 potions of curing
 A - a potion of might {unknown}


   Skills:
 + Level 8.0 Fighting
 + Level 6.5 Axes
 + Level 6.0 Throwing
 + Level 4.6 Armour
 - Level 3.0 Dodging
 + Level 2.3 Invocations


You had 8 spell levels left.
You didn't know any spells.
Your spell library contained the following spells:

 Spells                   Type           Power      Damage    Failure   Level
 Sandblast                Erth           0%         2d4       38%         1
 Shock                    Conj/Air       0%         1d3       38%         1
 Slow                     Hex            0%         N/A       38%         1
 Blink                    Tloc           0%         N/A       52%         2
 Passwall                 Tmut/Erth      0%         N/A       52%         2
 Confusing Touch          Hex            0%         N/A       77%         3
 Lesser Beckoning         Tloc           0%         N/A       77%         3
 Stone Arrow              Conj/Erth      0%         3d7       77%         3
 Swiftness                Air            0%         N/A       77%         3
 Vampiric Draining        Necr           0%         2d6       77%         3
 Airstrike                Air            0%         2d(0-16)  99%         4
 Manifold Assault         Tloc           0%         N/A       100%        5


Dungeon Overview and Level Annotations

Branches:
Dungeon (6/15)             Temple (1/1) D:4           Sewer (visited)

Altars:
Ashenzari
Elyvilon
Fedhas
Gozag
Hepliaklqana
Makhleb
Okawaru
Ru
Sif Muna
Trog
Uskayaw
Wu Jian
Yredelemnul
The Shining One


Innate Abilities, Weirdness & Mutations

You are too large for most types of armour.
You have tough skin. (AC +1)


Message History

The yak gores you!
* * * LOW HITPOINT WARNING * * *
You slash the yak!
The yak is almost dead.
The yak gores you.
* * * LOW HITPOINT WARNING * * *
The yak is no longer blind.
The yak is no longer blind. x2
Aiming: Bolt of Light
Press: ? - help, Shift-Dir - straight line, f/p - yak
Aim: a yak (almost dead, 83% to hit)
The bolt of light hits the yak!
You kill the yak!
Okawaru accepts your kill.
Your Fighting skill increases to level 8!
Your Throwing skill increases to level 6!
The yak attacks as you move away! The yak completely misses you.
The yak snorts and paws the ground.
Aiming: Bolt of Light
Press: ? - help, Shift-Dir - straight line, f - yak
Aim: a yak (moderately wounded, 83% to hit)
The bolt of light hits the yak!
The yak is severely wounded.
The yak is blinded.
The bolt of light hits the yak!
The yak is moderately wounded.
The yak is blinded.
The yak gores you.
* * * LOW HITPOINT WARNING * * *
There is an open door here.
Things that are here:
a +0 falchion; a +0 chain mail The yak is no longer blind. x2
The yak attacks as you move away! The yak gores you!
* * * LOW HITPOINT WARNING * * *
Aiming: Bolt of Light
Press: ? - help, Shift-Dir - straight line, f/p - yak
Aim: a yak (heavily wounded, 83% to hit)
The bolt of light hits the yak!
The yak is almost dead.
The yak is blinded.
The yak gores you.
You die...

#...# ###.#.#
#...#.# ###.#...# #
#...[...# #.
#.#.....# #.#
####.#.....# #..
#..........#####
#...#.#........@YY.#
#...#+#...########.#
#.........########.#
#....<....##.......#
####....>.##....Y.##
#.....###......#
#.....# #......#
####### #......#
#......#


You could see 2 yaks.

Vanquished Creatures
  Grinder (D:3)
  Sigmund (D:2)
  A yak (D:6)
  Edmund (D:4)
  A water moccasin (D:5)
  A sky beast (D:6)
  Pargi (Sewer)
  The ghost of Ad1ctor the Chopper, an amateur MiBe of Trog (D:4)
  An ogre (D:6)
  2 centaurs
  3 scorpions
  3 howler monkeys
  2 hounds
  A jelly (D:4)
  Jessica (D:3)
  3 iguanas
  Natasha (thrice) (D:2)
  2 orc wizards (D:5)
  Terence (D:3)
  3 gnolls (D:3)
  7 adders
  A shadow imp (D:5)
  A white imp (D:5)
  3 worms
  3 dart slugs
  7 orcs
  5 ball pythons
  5 endoplasms
  3 giant cockroaches
  8 goblins
  8 hobgoblins
  3 jackals (D:3)
  9 kobolds
  5 quokkas
  5 bats
  5 frilled lizards
  5 rats
116 creatures vanquished.

Notes
Turn   | Place    | Note
-------+----------+-------------------------------------------
     0 | D:1      | Smoke131 the Ogre Gladiator began the quest for the Orb.
     0 | D:1      | Reached XP level 1. HP: 22/22 MP: 1/1
   296 | D:1      | Reached XP level 2. HP: 29/29 MP: 2/2
   434 | D:1      | Reached skill level 3 in Fighting
  1013 | D:1      | Reached XP level 3. HP: 37/37 MP: 3/3
  1231 | D:2      | Noticed Natasha
  1241 | D:2      | Killed Natasha
  1242 | D:2      | Reached skill level 1 in Armour
  1387 | D:2      | Reached XP level 4. HP: 39/45 MP: 4/4
  1467 | D:2      | Noticed Sigmund
  1485 | D:2      | Killed Sigmund
  1486 | D:2      | Reached skill level 4 in Fighting
  1486 | D:2      | Reached XP level 5. HP: 37/55 MP: 5/5
  1687 | D:2      | Reached XP level 6. HP: 63/63 MP: 6/6
  2185 | D:2      | Noticed Natasha
  2195 | D:2      | Killed Natasha
  2936 | D:2      | Noticed Natasha
  2944 | D:2      | Killed Natasha
  3020 | D:3      | Identified the +3 sling "Icatuhen" {flame, Drain Fly rCorr
                  | Str+8}
  3516 | D:3      | Reached skill level 5 in Fighting
  3619 | D:3      | Noticed Terence
  3634 | D:3      | Killed Terence
  3677 | D:3      | Reached XP level 7. HP: 61/72 MP: 7/7
  3821 | D:3      | Noticed Grinder
  3824 | D:3      | Killed Grinder
  3827 | D:3      | Found a bloodstained altar of Trog.
  3830 | D:3      | Noticed Jessica
  3838 | D:3      | Killed Jessica
  3893 | D:3      | Identified the +4 whip "Moah Qac" {freeze, Fly rElec MP+9
                  | Dex-5}
  4098 | D:3      | Reached skill level 5 in Axes
  4098 | D:3      | HP: 3/74 [scorpion (2)]
  4424 | D:4      | Noticed Edmund
  4431 | D:4      | Killed Edmund
  4432 | D:4      | Reached skill level 6 in Fighting
  4432 | D:4      | Reached XP level 8. HP: 76/83 MP: 8/8
  4804 | D:4      | Found a staircase to the Ecumenical Temple.
  4821 | Temple   | Entered the Ecumenical Temple
  4904 | Temple   | Became a worshipper of Warmaster Okawaru
  5008 | D:4      | Found a runed translucent door.
  5013 | D:4      | Noticed Ad1ctor's ghost (amateur MiBe)
  5351 | D:4      | Killed Ad1ctor's ghost
  5599 | D:5      | Entered Level 5 of the Dungeon
  5612 | D:5      | Reached skill level 5 in Throwing
  5754 | D:5      | Found a glowing drain.
  5765 | Sewer    | Entered a sewer
  5904 | Sewer    | Noticed Pargi
  5924 | Sewer    | Killed Pargi
  5925 | Sewer    | Reached skill level 7 in Fighting
  6473 | D:5      | Found a white marble altar of Elyvilon.
  6661 | D:5      | Reached * piety under Okawaru
  6662 | D:5      | Reached skill level 1 in Invocations
  6961 | D:5      | Reached XP level 9. HP: 73/93 MP: 9/9
  7840 | D:6      | Reached skill level 8 in Fighting
  7862 | D:6      | HP: 3/96 [yak (12)]
  7864 | D:6      | Slain by a yak

Illustrated notes

Levels and vault maps discovered:
D:1:      lightli_arrival_windingriver, layout_basic, serial_corexii_hall,
          corexii_hall_statues_x, corexii_hall_statues_u
D:2:      layout_basic, uniq_sigmund, uniq_natasha
D:3:      wander_river, layout_basic, mainiacjoe_overflow_paths, uniq_grinder,
          uniq_jessica, uniq_terence
D:4:      layout_loops_cross, minmay_temple_entry_nine_rooms,
          ebering_ghost_reflecting_pool, uniq_edmund
D:5:      layout_basic, mainiacjoe_overflow_surrounded_room,
          cheibrodos_sewer_entry_drain, kennysheep_generic_room_11
D:6:      wad_river_or_something, layout_basic, minmay_misc_feat_ornament
Temple:   jpeg_temple_clearing

Skill      XL: |  1  2  3  4  5  6  7  8  9 |
---------------+----------------------------+-----
Fighting       | 3 4 5 6 7 8 |  8.0
Armour         | 1 2 3 4 |  4.6
Dodging        | 3 |  3.0
Axes           | 4 5 6 |  6.5
Throwing       | 3 4 5 6 |  6.0
Invocations    | 1 2 |  2.3

Action                   |  1- 3 |  4- 6 |  7- 9 || total
-------------------------+-------+-------+-------++-------
Melee: War axe           |    70 |    95 |   229 ||   394
       Punch             |       |     1 |     1 ||     2
Throw: Large rock        |       |     2 |     3 ||     5
       Stone             |       |     5 |       ||     5
Evoke: Wand              |       |       |     4 ||     4
  Use: Scroll            |       |       |    12 ||    12
       Potion            |       |       |     1 ||     1
 Stab: Sleeping          |       |       |     3 ||     3
Armor: Robe              |    23 |    38 |   101 ||   162
Dodge: Dodged            |    38 |    69 |   129 ||   236
Block: Other             |       |       |    64 ||    64
       Reflection        |       |       |     1 ||     1
